 Dungeon Crawl Stone Soup version 0.27.1-37-g7b29ead8ac (webtiles) character file.

Game seed: 4039225259613542073

669 sahdkjhfkaj the Sneak (level 7, 0/30 (31) HPs)
             Began as a Felid Ice Elementalist on Mar 3, 2023.
             Was an Initiate of Gozag.
             Slain by a bullfrog (3 damage)
             ... on level 5 of the Dungeon.
             The game lasted 00:20:15 (9214 turns).

sahdkjhfkaj the Sneak (Felid Ice Elementalist)      Turns: 9214, Time: 00:20:15

HP:   0/30 (31)     AC:  6    Str:  4    XL:     7   Next: 32%
MP:   14/14         EV: 17    Int: 19    God:    Gozag
Gold: 151           SH:  0    Dex: 16    Spells: 0/15 levels left
                                        Lives: 0   Deaths: 2

rFire    . . .     SeeInvis +   (weapon unavailable)
rCold    . . .     Faith    .   (shield unavailable)
rNeg     . . .     Spirit   .   (armour unavailable)
rPois    +         Reflect  .   (helmet unavailable)
rElec    .         Harm     .   (cloak unavailable)
rCorr    .         Rampage  .   (gloves unavailable)
Will     +....                  (boots unavailable)
Stlth    +++.......             (no amulet)
HPRegen  0.10/turn              o - ring of poison resistance
MPRegen  0.14/turn              m - +4 ring of protection

@: lethally poisoned (0 -> -15), lightly drained, quick
A: very small, claws 1, fangs 3, see invisible, speed 1, shaggy fur 2, stealthy
paws, no weapons or thrown items, no armour, multi-lived
a: Renounce Religion, Potion Petition, Call Merchant, Bribe Branch


You were on level 5 of the Dungeon.
You worshipped Gozag.
Gozag was aware of your devotion.
You visited 2 branches of the dungeon, and saw 7 of its levels.

You collected 218 gold pieces.
You paid 67 gold pieces to Gozag.

Inventory:

Jewellery
 m - a +4 ring of protection (right paw)
 o - a ring of poison resistance (left paw)
Wands
 g - a wand of mindburst (14)
Scrolls
 b - 2 scrolls of fear {!r}
 e - a scroll of fog {!r, unknown}
 i - a scroll of blinking {!r, unknown}
 j - 3 scrolls of noise {!r}
 k - a scroll of amnesia {!r, unknown}
 l - a scroll of teleportation {!r, unknown}
 n - a scroll of enchant weapon {!r, unknown}
 p - a scroll of vulnerability {!r, unknown}
Potions
 a - a potion of lignification {!q}
 c - a potion of cancellation {!q}
 d - a potion of invisibility {!q}
 f - 2 potions of degeneration {!q}
 h - a potion of resistance {!q, unknown}
 q - a potion of curing {!q, unknown}


   Skills:
 - Level 3.0 Fighting
 - Level 2.6 Dodging
 - Level 5.0 Stealth
 - Level 4.6 Spellcasting
 + Level 4.2 Hexes
 - Level 5.0 Ice Magic
 - Level 5.0 Evocations


You couldn't memorise any spells.
You knew the following spells:

 Your Spells              Type           Power      Damage    Failure   Level
e - Ensorcelled Hibernat  Hex/Ice        42%        N/A       3%          2
f - Freeze                Ice            92%        1d10      1%          1
F - Frozen Ramparts       Ice            46%        1d6       4%          3
I - Invisibility          Hex            10%        N/A       98%         6
O - Ozocubu's Armour      Ice            23%        N/A       4%          3

Your spell library contained the following spells:

 Spells                   Type           Power      Damage    Failure   Level
 Corona                   Hex            22%        N/A       2%          1
 Slow                     Hex            20%        N/A       3%          2
 Confusing Touch          Hex            20%        N/A       7%          3
 Tukima's Dance           Hex            20%        N/A       7%          3
 Dazzling Flash           Conj/Hex       24%        N/A       16%         3
 Passwall                 Tmut/Erth      3%         N/A       21%         2
 Swiftness                Air            4%         N/A       36%         3
 Vampiric Draining        Necr           2%         2d6       36%         3
 Hailstorm                Conj/Ice       13%        3d5       43%         4
 Iskenderun's Mystic Bla  Conj/Tloc      4%         2d3       78%         4
 Starburst                Conj/Fire      2%         6d3       100%        6


Dungeon Overview and Level Annotations

Branches:
Dungeon (6/15)             Temple (1/1) D:5

Altars:
Ashenzari
Dithmenos
Elyvilon
Fedhas
Gozag
Hepliaklqana
Nemelex Xobeh
Okawaru
Sif Muna
Uskayaw
Wu Jian
Xom
Yredelemnul
Zin
The Shining One

Annotations:
D:2 Terence
D:4 Blork the orc
D:5 5 runed translucent doors


Innate Abilities, Weirdness & Mutations

You have sharp claws.
You have razor-sharp teeth.
You have supernaturally acute eyesight. (SInv)
You cover ground quickly. (Speed+)
You are covered in thick fur. (AC +2)
Your paws help you pounce on unaware monsters.
You are incapable of wielding weapons or throwing items.
You cannot wear armour.
You gain extra lives every three experience levels.


Message History

The killer bee stings you but does no damage.
The killer bee barely misses you. The killer bee closely misses you.
The killer bee misses you. The killer bee barely misses you.
The killer bee completely misses you. The killer bee stings you.
* * * LOW HITPOINT WARNING * * *
The killer bee misses you. The killer bee barely misses you.
The killer bee completely misses you. The killer bee closely misses you.
The killer bee completely misses you.
Unknown command.
Unknown command.
Unknown command.
Unknown command.
Casting: Freeze (safe; 1% risk of failure)
Confirm with . or Enter, or press ? or * to list all spells.
Casting: Frozen Ramparts (dangerous; 4% risk of failure)
Press: ? - help, Dir - look around, f - activate
Okay, then.
Casting: Frozen Ramparts (dangerous; 4% risk of failure)
Confirm with . or Enter, or press ? or * to list all spells.
You don't know that spell.
Unknown command.
Okay, then.
Unknown command.
Unknown command.
Unknown command.
Unknown command.
You scratch the killer bee.
The killer bee is lightly wounded.
The killer bee stings you.
* * * LOW HITPOINT WARNING * * *
You are lethally poisoned!
The killer bee poisons you! The killer bee closely misses you.
The killer bee misses you. The killer bee barely misses you.
The killer bee closely misses you. The killer bee barely misses you.
The killer bee stings you.
* * * LOW HITPOINT WARNING * * *
You are more poisoned.
The killer bee poisons you! The bullfrog hits you.
You die...
Your body crumbles into a pile of gold.

#.......z..####
##...######....##
#...##ss..##....###
#...#..s..+##.....############
#..##ss.s.#.##...............#
#..#..s..##..###..o..........#
#..###+###...y.####..........#
#.....+!(#.yyyF.+)####.......#
#..###+###.yy@y####.........))
#..#.....##.y###............)#
#..##.s...#.##...###..........
#...#....S+##..### #.....^....
#z#.##sSSS##..## #..........
#z#z.######..## #####.####.
#z##..z.....## #.........
#z########### #####.........
#.# ####............#


You could see 2 water moccasins, a bullfrog, 8 killer bees and an adder.

Vanquished Creatures
  Sigmund (D:2)
  Menkaure (D:4)
  A black bear (D:5)
  2 ogres (D:5)
  2 scorpions
  2 hounds (D:5)
  A bullfrog skeleton (D:5)
  2 iguanas (D:5)
  A gnoll shaman (D:5)
  An orc wizard (D:5)
  Robin (D:2)
  9 gnolls
  2 adders
  A howler monkey skeleton (D:4)
  2 dart slugs
  13 orcs
  4 ball pythons
  A bat (D:3)
  8 endoplasms
  13 goblins
  13 hobgoblins
  2 jackals (D:3)
  3 quokkas
  2 frilled lizards
  9 kobolds
  3 rats
  A spectral hobgoblin (D:4)
101 creatures vanquished.

Notes
Turn   | Place    | Note
-------+----------+-------------------------------------------
     0 | D:1      | sahdkjhfkaj the Felid Ice Elementalist began the quest for
                  | the Orb.
     0 | D:1      | Reached XP level 1. HP: 7/7 MP: 4/4
   382 | D:1      | Reached skill level 1 in Fighting
   649 | D:1      | Reached XP level 2. HP: 13/13 MP: 3/6
  1470 | D:1      | Found a faded altar of an unknown god.
  1524 | D:1      | Reached XP level 3. HP: 14/16 MP: 4/7
  2091 | D:2      | Noticed Terence
  2420 | D:2      | Noticed Robin
  2956 | D:1      | Learned a level 3 spell: Frozen Ramparts
  3502 | D:2      | Killed Robin
  3749 | D:2      | Reached XP level 4. HP: 16/19 MP: 2/8
  3921 | D:2      | Noticed Sigmund
  3947 | D:2      | Killed Sigmund
  3948 | D:2      | Reached skill level 5 in Stealth
  3948 | D:2      | Reached XP level 5. HP: 12/24 MP: 1/11
  4213 | D:2      | Slain by Terence
  4214 | D:2      | Reached XP level 4. HP: -3/21 MP: 7/10
  5043 | D:3      | Reached XP level 5. HP: 15/24 MP: 5/11
  5451 | D:3      | Found a shimmering altar of Xom.
  5660 | D:3      | Learned a level 3 spell: Ozocubu's Armour
  5803 | D:4      | Noticed Menkaure
  5813 | D:4      | Killed Menkaure
  5814 | D:4      | Reached skill level 1 in Evocations
  5814 | D:4      | Gained mutation: You are covered in thick fur. (AC +2)
                  | [Felid growth]
  5814 | D:4      | Reached XP level 6. HP: 28/28 MP: 0/12
  6139 | D:4      | Reached skill level 5 in Ice Magic
  6170 | D:4      | Found a broken altar of Ashenzari.
  6317 | D:4      | Found a hazy altar of Hepliaklqana.
  6837 | D:4      | Noticed Blork the orc
  6849 | D:4      | Found a shimmering blue altar of Sif Muna.
  6863 | D:5      | Entered Level 5 of the Dungeon
  7474 | D:5      | Reached XP level 7. HP: 21/31 MP: 1/13
  7835 | D:5      | Slain by a wight
  7836 | D:5      | Reached XP level 6. HP: -1/24 MP: 12/12
  7865 | D:5      | Reached skill level 5 in Evocations
  7912 | D:5      | Found the +9 staff of Olgreb {rPois∞}
  7924 | D:5      | Found a runed translucent gate.
  7924 | D:5      | Found a runed translucent gate.
  7924 | D:5      | Noticed a redback
  7924 | D:5      | Noticed a redback
  7924 | D:5      | Noticed a redback
  7925 | D:5      | Found a runed translucent door.
  7937 | D:5      | Found a runed translucent gate.
  7939 | D:5      | Noticed a water moccasin
  7939 | D:5      | Noticed a water moccasin
  7939 | D:5      | Noticed a redback
  7939 | D:5      | Noticed a water moccasin
  7946 | D:5      | Found a runed translucent door.
  8245 | D:4      | Learned a level 6 spell: Invisibility
  8298 | D:5      | Reached skill level 1 in Hexes
  8298 | D:5      | Reached XP level 7. HP: 31/31 MP: 9/14
  8657 | D:5      | Found a staircase to the Ecumenical Temple.
  8673 | Temple   | Entered the Ecumenical Temple
  8677 | Temple   | Learned a level 2 spell: Ensorcelled Hibernation
  8877 | Temple   | Became a worshipper of Gozag Ym Sagoz the Greedy
  9214 | D:5      | Slain by a bullfrog

Illustrated notes

Levels and vault maps discovered:
D:1:      dpeg_arrival_boxorama, layout_loops_corners,
          hellmonk_ecumenical_altar_prayer_group, kennysheep_decorative_pillar,
          due_unseen_surprise
D:2:      layout_loops_corners, uniq_sigmund, uniq_robin, uniq_terence
D:3:      layout_loops_ring, mainiacjoe_overflow_alcove_1
D:4:      layout_loops_corners, mainiacjoe_overflow_alcove_4, tgw_sif,
          nicolae_hepliaklqana_monster_ancestors, serial_bayou_ford_a,
          uniq_menkaure
D:5:      layout_rooms, minmay_temple_entry_offerings,
          minmay_guarded_unrand_staff_of_olgreb
D:6:      layout_rooms, mainiacjoe_overflow_catwalk_spiral
Temple:   minmay_temple_curvy_loop

Skill      XL: |  1  2  3  4  5  6  7 |
---------------+----------------------+-----
Fighting       | 1 2 3 |  3.0
Ice Magic      | 4 5 |  5.0
Stealth        | 4 5 |  5.0
Spellcasting   | 3 4 |  4.6
Evocations     | 1 5 |  5.0
Hexes          | 1 4 |  4.2
Dodging        | |  2.6

Action                   |  1- 3 |  4- 6 |  7- 9 || total
-------------------------+-------+-------+-------++-------
Melee: Unarmed           |    16 |    44 |    15 ||    75
       Bite              |     1 |     5 |       ||     6
 Cast: Freeze            |    52 |    37 |    24 ||   113
       Frozen Ramparts   |     7 |    30 |     8 ||    45
       Ozocubu's Armour  |       |     4 |     1 ||     5
  Use: Scroll            |       |     7 |       ||     7
 Stab: Sleeping          |     3 |     5 |       ||     8
Armor: Skin              |     3 |     6 |    21 ||    30
Dodge: Dodged            |    52 |   108 |    74 ||   234
